 Dungeon Crawl Stone Soup version 0.27-a0-1217-g8a41f320e8 (webtiles) character file.

Game seed: 11091508831131673485

65 roflturtle the Changer (level 3, -18/28 HPs)
             Began as a Draconian Transmuter on June 6, 2021.
             Blown up by Ijyb (33 damage)
             ... with a mindburst bolt
             ... on level 3 of the Dungeon.
             The game lasted 00:04:49 (1912 turns).

roflturtle the Changer (Draconian Transmuter)       Turns: 1912, Time: 00:04:50

Health: -18/28     AC:  2    Str: 12    XL:     3   Next: 92%
Magic:  3/6        EV: 19    Int: 14    God:
Gold:   120        SH:  0    Dex: 16    Spells: 0/6 levels left

rFire    . . .     SeeInvis .     - Unarmed
rCold    . . .     Faith    .   (shield currently unavailable)
rNeg     . . .     Spirit   .   (armour unavailable)
rPois    x         Reflect  .   (helmet currently unavailable)
rElec    .         Harm     .   (cloak currently unavailable)
rCorr    .         Rampage  .   (gloves currently unavailable)
Will     .....                  (boots currently unavailable)
Stlth    +.........             f - amulet of the acrobat
HPRegen  0.09/turn              (no ring)
MPRegen  0.10/turn              (no ring)

@: spider-form
A: venomous fangs, AC +5, tiny, unfitting armour, (cold-blooded)
a: End Transformation


You were on level 3 of the Dungeon.
You were a venomous arachnid creature.
You visited 1 branch of the dungeon, and saw 3 of its levels.

You collected 120 gold pieces.

Inventory:

Missiles
 h - 2 curare-tipped darts
Jewellery
 f - an amulet of the acrobat (around neck)
Scrolls
 a - 3 scrolls of blinking {unknown}
 b - 2 scrolls of identify {unknown}
 c - a scroll of fear {unknown}
 d - 2 scrolls of fog {unknown}
 g - a scroll of amnesia {unknown}
Potions
 e - a potion of lignification {unknown}


   Skills:
 - Level 1.1 Fighting
 - Level 2.0 Dodging
 - Level 3.0 Unarmed Combat
 - Level 2.0 Spellcasting
 - Level 4.1 Transmutations
 + Level 0.1 Poison Magic


You couldn't memorise any spells.
You knew the following spells:

 Your Spells              Type           Power      Damage    Failure   Level
a - Beastly Appendage     Tmut           24%        N/A       13%         1
b - Wereblood             Tmut           12%        N/A       19%         2
c - Spider Form           Tmut/Pois      3%         N/A       52%         3

Your spell library contained the following spells:

 Spells                   Type           Power      Damage    Failure   Level
 Animate Skeleton         Necr           2%         N/A       45%         1
 Apportation              Tloc           2%         N/A       45%         1
 Corona                   Hex            1%         N/A       45%         1
 Pain                     Necr           4%         1d4       45%         1
 Summon Small Mammal      Summ           4%         N/A       45%         1
 Vampiric Draining        Necr           0%         2d6       77%         3
 Ice Form                 Ice/Tmut       7%         N/A       87%         4
 Hydra Form               Tmut           6%         N/A       90%         5
 Animate Dead             Necr           0%         N/A       98%         4
 Agony                    Necr           1%         N/A       100%        5


Dungeon Overview and Level Annotations

Branches:
Dungeon (3/15)

Altars:
Elyvilon

Annotations:
D:3 Grinder, Ijyb


Innate Abilities, Weirdness & Mutations

You are a venomous arachnid creature.
You have poisonous fangs.
You are tiny and dextrous.
Your spellcasting is less reliable in this form.
Your armour is entirely melded.
You are incapable of wielding weapons or throwing items.
((Your plain brown scales are hard. (AC +5)))
You cannot fit into any form of body armour.
((You are cold-blooded and may be slowed by cold attacks.))


Message History

The iguana is almost dead.
The iguana barely misses you.
You hit the iguana but do no damage. You claw the iguana, but do no damage.
You tail-slap the iguana, but do no damage.
The iguana is almost dead.
The iguana barely misses you.
You closely miss the iguana. You claw the iguana.
You kill the iguana!
Your Transmutations skill increases to level 4!
You closely miss the orc. You claw the orc. You headbutt the orc.
The orc is heavily wounded.
Your horns disappear.
Your talons disappear.
The orc hits you with a +0 dagger.
You hit the orc.
You kill the orc!
Found a scroll labelled YVOXTE PEUTO.
Things that are here:
a +0 dagger; an iguana corpse An adder comes into view.
Found 14 bolts.
Found a thick glowing staff.
b - 2 scrolls labelled YVOXTE PEUTO (gained 1)
A goblin comes into view. It is wielding a +0 club.
The goblin shouts!
Found a stone staircase leading down.
Ijyb the Twisted Goblin comes into view.
She is wielding a +3 club, wearing a +4 ring mail of positive energy and carrying a wand of mindburst (11).
Ijyb shouts!
Ijyb screams, "Get away!"
Casting: Beastly Appendage (safe; 4% risk of failure)
Confirm with . or Enter, or press ? or * to list all spells.
The spell is extremely dangerous to cast (30% risk of failure)!
Continue anyway?
You turn into a venomous arachnid creature.
The goblin misses you.
You hit the goblin.
The goblin is poisoned.
The goblin is heavily wounded.
You completely miss Ijyb.
You kill the goblin!
Ijyb zaps a wand.
Your mind is blasted!
Ouch! That really hurt!
You die...

#.................
#.................
#......##....###.#
#.....###......#.#
#.....#...#.#....#
#.......###...##.#
..#.##.##...### #
.....##.#.##
.......)s.#
........g..#
....|........
...........#.#
...........# #
.....>....##
....##...## ...#
##.##


You could see Ijyb.

Vanquished Creatures
  An iguana (D:3)
  A worm (D:2)
  A dart slug (D:1)
  An orc (D:3)
  An endoplasm (D:1)
  3 giant cockroaches (D:1)
  2 goblins
  4 hobgoblins
  A jackal (D:1)
  5 quokkas
  2 ball pythons (D:2)
  5 bats
  A frilled lizard (D:2)
  A kobold (D:2)
  3 rats (D:1)
32 creatures vanquished.

Notes
Turn   | Place    | Note
-------+----------+-------------------------------------------
     0 | D:1      | roflturtle the Draconian Transmuter began the quest for the
                  | Orb.
     0 | D:1      | Reached XP level 1. HP: 16/16 MP: 3/3
   241 | D:1      | Found a faded altar of an unknown god.
   265 | D:1      | Reached XP level 2. HP: 23/23 MP: 5/5
   268 | D:1      | Learned a level 2 spell: Wereblood
   495 | D:1      | Reached skill level 3 in Transmutations
  1146 | D:2      | Found a white marble altar of Elyvilon.
  1353 | D:2      | Reached XP level 3. HP: 28/28 MP: 4/6
  1387 | D:2      | Learned a level 3 spell: Spider Form
  1803 | D:3      | Noticed Grinder
  1896 | D:3      | Reached skill level 4 in Transmutations
  1908 | D:3      | Noticed Ijyb
  1912 | D:3      | Blown up by Ijyb

Illustrated notes

Levels and vault maps discovered:
D:1:      dpeg_arrival_brainrot, layout_basic,
          shapermc_ecumenical_altar_totnotflames
D:2:      layout_basic, basic_altar
D:3:      layout_rooms, uniq_grinder, uniq_ijyb

Skill      XL: |  1  2  3 |
---------------+----------+-----
Dodging        | 2 |  2.0
Transmutations | 3 4 |  4.1
Fighting       | |  1.1
Unarmed Combat | |  3.0
Spellcasting   | |  2.0
Poison Magic   | |  0.1

Action                   || total
-------------------------++-------
Melee: Unarmed           ||   122
       Tailslap          ||    14
       Kick              ||    10
       Headbutt          ||     5
       Punch             ||     3
 Cast: Beastly Appendage ||     4
       Spider Form       ||     1
 Stab: Sleeping          ||     1
Armor: Skin              ||    36
Dodge: Dodged            ||    73

Table legend: (Time is in decaauts)
 A = Elapsed time spent in this place.
 B = Non-inter-level travel time spent in this place.
 C = Inter-level travel time spent in this place.
 D = Time resting spent in this place.
 E = Time spent auto-exploring this place.
 F = Levels seen in this place.
 G = Mean time per level.
                   A        B        C        D        E       F      G
               +--------+--------+--------+--------+--------+-----+--------+
         Total |   1906 |   1810 |     96 |      0 |   1456 |   3 |  635.3 |
       Dungeon |   1906 |   1810 |     96 |      0 |   1456 |   3 |  635.3 |
               +--------+--------+--------+--------+--------+-----+--------+

Top non-repeatable levels by time:
     D:1: 1025 daAuts
     D:2: 800 daAuts
     D:3: 80 daAuts
